cohdb
Replays
Latest Replays
All Replays
Popular Replays
Top Player Replays
Match Explorer
How It Works
Community
CoH3 Stats
Reddit
Sign in to upload your games and track your stats! →
Sign in with Steam
Match 42101598
Unlisted
Match 42101598
Overview
Messages
Build Orders
End
Royal Engineer Section
Construct Section Command Post
Dingo Light Scout Car
Infantry Section
Infantry Section
Construct Platoon Command Post
Humber Armored Car
Vickers Machine Gun Team
Construct Company Command Post
Crusader II Medium Tank
Selects Indian Artillery Battlegroup
Selects Valour
Selects Gurkha Rifles Section
Selects Volunteer Infantry
Selects Artillery Saturation
Orem
MadMax
0
0
Comments
sign in to comment!
No comments posted yet!